cohdb
Replays
Latest Replays
All Replays
Popular Replays
Top Player Replays
Match Explorer
How It Works
Community
CoH3 Stats
Reddit
Sign in to upload your games and track your stats! →
Sign in with Steam
Match 38702980
Unlisted
Match 38702980
Overview
Messages
Build Orders
End
Royal Engineer Section
Construct Section Command Post
Selects Indian Artillery Battlegroup
Infantry Section
Infantry Section
ML 3-inch Mortar Team
Construct Platoon Command Post
Selects War Cry
Selects Gurkha Rifles Section
Humber Armored Car
Gurkha Rifles Section
Unlock M3 Stuart Light Tanks
M3 Stuart Light Tank
Grenade Package
Construct Company Command Post
Foot Guards Section
Matilda II Heavy Tank
Selects Volunteer Infantry
BigTiddyLebron
Artas
Phenomensky
Wander MOR
0
0
Comments
sign in to comment!
No comments posted yet!